 Dungeon Crawl Stone Soup version 0.13-a0-2816-gd8154f0 (webtiles) character file.

851 Misa the Ducker (level 7, 26/33 HPs)
             Began as a Felid Berserker on Aug 26, 2013.
             Was an Elder of Trog.
             Quit the game on Level 5 of the Dungeon.
             The game lasted 00:17:38 (5753 turns).

Misa the Ducker (Felid Berserker)                   Turns: 5753, Time: 00:17:38

HP  26/33        AC  2     Str 13      XL: 7   Next: 34%
MP  11/11        EV 24     Int  8      God: Trog [****..]
Gold 172         SH  0     Dex 18      Spells:  0 memorised,  6 levels left
Lives: 1, deaths: 1

Res.Fire  : . . .   See Invis. : +     - Unarmed
Res.Cold  : + . .   Warding    : .   (armour unavailable)
Life Prot.: + . .   Conserve   : .   (shield unavailable)
Res.Poison: .       Res.Corr.  : .   (helmet unavailable)
Res.Elec. : .       Clarity    : .   (cloak unavailable)
Sust.Abil.: . .     Spirit.Shd : .   (gloves unavailable)
Res.Mut.  : +       Stasis     : .   (boots unavailable)
Res.Rott. : .       Flight     : .   t - amulet of resist mutation {unknown}
Saprovore : . . .                    j - ring of positive energy {unknown}
                                     d - ring of protection from cold

@: quick, somewhat resistant to hostile enchantments, very stealthy
A: paw claws, no armour, no advanced items, fangs 3, see invisible, carnivore 3,
speed 1, slow metabolism 1, AC +2
a: Burn Spellbooks, Berserk, Trog's Hand, Brothers in Arms, Renounce Religion


You were on level 5 of the Dungeon.
You worshipped Trog.
Trog was extremely pleased with you.
You were not hungry.

You visited 1 branch of the dungeon, and saw 6 of its levels.

You collected 152 gold pieces.

Inventory:

Comestibles
 c - a meat ration
 q - a slice of pizza
Scrolls
 a - 2 scrolls of enchant armour {unknown}
 b - 5 scrolls of noise {unknown}
 e - 5 scrolls of remove curse {unknown}
 f - 3 scrolls of teleportation {unknown}
 g - 2 scrolls of curse jewellery {unknown}
 k - a scroll of curse armour {unknown}
 m - 2 scrolls of fear {unknown}
 o - 4 scrolls of identify {unknown}
 u - a scroll of amnesia {unknown}
 w - a scroll of curse weapon {unknown}
Jewellery
 d - a ring of protection from cold (left paw)
 j - a ring of positive energy (right paw) {unknown}
 t - an amulet of resist mutation (around neck) {unknown}
 v - a +3,+4 ring of slaying {unknown}
 y - the brooch of Shielding {Ward AC+4 EV+4}
   (You found it on level 5 of the Dungeon)

   [amulet of warding]

   It affects your AC (+4).
   It affects your evasion (+4).
Potions
 h - 2 potions of heal wounds {unknown}
 i - a potion of confusion {unknown}
 l - 2 potions of restore abilities {unknown}
 n - a potion of poison {unknown}
 p - 3 potions of agility {unknown}
 r - 2 potions of curing {unknown}
 s - a potion of brilliance {unknown}
 x - a potion of speed {unknown}


   Skills:
 + Level 5.8 Fighting
 + Level 7.8 Dodging
 + Level 6.8 Stealth
 + Level 5.5 Unarmed Combat


You had 6 spell levels left.
You didn't know any spells.

Dungeon Overview and Level Annotations

Branches:
Dungeon (6/27)
 Temple: D:4-7          Orc: D:6-11

Altars:
Ashenzari
Elyvilon
Fedhas
Kikubaaqudgha
Makhleb
Okawaru
Zin


Innate Abilities, Weirdness & Mutations

You cannot wear armour.
You are incapable of any advanced item manipulation.
Your paws have sharp claws.
You have razor-sharp teeth.
You have supernaturally acute eyesight.
You are carnivorous and can eat meat at any time.
You cover ground quickly.
You are covered in thick fur (AC +2).
You have a slow metabolism.


Message History

Unknown command.
Unknown command.
Things that are here:
an orcish dagger; an orcish robe; an orc corpse; 9 darts
There is a stone staircase leading down, spattered with blood here.
Things that are here:
the felid corpse of Misa; an orc corpse; an orcish plate armour a +1,+2 orcish short sword You see here a dart.
You see here a dart.
You see here 2 darts.
You see here a dart.
Things that are here:
14 arrows; a bow A worker ant comes into view.
Saving game... please wait.
Welcome back, Misa the Felid Berserker.
Trog says: Kill them all!
Press ? for a list of commands and other information.
Are you sure you want to abandon this character and quit the game? (Confirm with "yes".)

.# #.##.##.# #####..##.######. .#
#.##.##.# #....##........ .#
#.##..#.## #.#.##########.
.####..(.....#### #...# #.
...........#....# #..## #.
.#######.....##.# #.)# #.
.........#..###.# #..# ####.
########...####.###..########...#
##.......@.............##.
#.#####.################. #.#
###)# #. #.###.P.# #. #.#..PaP#
##########. #.#...P## #..........
#.#..P.# #.######### #.#P.P.# #.#
#.##..P# #.#


You could see a worker ant (wandering).

Vanquished Creatures
  Edmund (D:5)
  An ice beast (D:5)
  2 ogres
  A phantom (D:4)
  A centaur (D:5)
  An orc warrior (D:5)
  Blork the orc (D:4)
  3 crimson imps (D:5)
  3 iguanas
  A jelly (D:5)
  A scorpion (D:4)
  An orc priest (D:5)
  2 orc wizards (D:5)
  A worker ant (D:5)
  Ijyb (D:5)
  3 adders
  5 worms
  An adder skeleton (D:4)
  2 giant eyeballs
  6 giant geckos
  3 orcs (D:5)
  16 bats
  3 giant cockroaches
  11 goblins
  5 hobgoblins
  7 kobolds
  3 quokkas
  9 giant newts
  2 goblin skeletons
  6 jackals
  A jackal skeleton (D:5)
  9 rats
113 creatures vanquished.

Notes
Turn   | Place    | Note
--------------------------------------------------------------
     0 | D:1      | Misa, the Felid Berserker, began the quest for the Orb.
     0 | D:1      | Reached XP level 1. HP: 10/10 MP: 1/1
   700 | D:1      | Reached XP level 2. HP: 12/14 MP: 2/2
  1183 | D:2      | Acquired Trog's second power
  1203 | D:2      | Reached XP level 3. HP: 15/18 MP: 4/4
  1596 | D:2      | Found a blossoming altar of Fedhas.
  1596 | D:2      | Found a glowing silver altar of Zin.
  1641 | D:2      | Reached skill level 5 in Dodging
  1853 | D:2      | Found an ancient bone altar of Kikubaaqudgha.
  1854 | D:2      | Found a white marble altar of Elyvilon.
  1855 | D:2      | Found an iron altar of Okawaru.
  1973 | D:2      | Reached skill level 1 in Stealth
  1973 | D:2      | Reached XP level 4. HP: 17/21 MP: 6/6
  2611 | D:4      | Noticed Blork the orc
  2619 | D:4      | Killed Blork the orc
  2619 | D:4      | Reached XP level 5. HP: 7/25 MP: 7/7
  3176 | D:4      | Noticed a phantom
  3206 | D:4      | Killed a phantom
  3206 | D:4      | Reached skill level 6 in Dodging
  3206 | D:4      | Gained mutation: You are covered in thick fur (AC +2). [growing up]
  3206 | D:4      | Reached XP level 6. HP: 8/29 MP: 9/9
  3625 | D:4      | Paralysed by a giant eyeball for 3 turns
  3913 | D:5      | Entered Level 5 of the Dungeon
  3924 | D:5      | Acquired Trog's third power
  3962 | D:5      | Reached XP level 7. HP: 28/33 MP: 11/11
  3984 | D:5      | Paralysed by a giant eyeball for 4 turns
  4004 | D:5      | Reached skill level 5 in Fighting
  4011 | D:5      | Noticed Edmund
  4022 | D:5      | Killed Edmund
  4022 | D:5      | Reached skill level 5 in Stealth
  4376 | D:5      | Reached skill level 7 in Dodging
  4469 | D:5      | Reached skill level 5 in Unarmed Combat
  4660 | D:5      | Found a shattered altar of Ashenzari.
  4661 | D:5      | Found a burning altar of Makhleb.
  4671 | D:5      | Noticed Ijyb
  4690 | D:5      | Killed Ijyb
  5051 | D:5      | Reached XP level 8. HP: 37/37 MP: 12/12
  5627 | D:5      | Slain by an orc warrior
  5628 | D:5      | Reached XP level 7. HP: -5/33 MP: 11/11
  5753 | D:5      | Quit the game

Action                   |  1- 3 |  4- 6 |  7- 9 || total
-------------------------+-------+-------+-------++-------
Melee: Unarmed           |   123 |   138 |   127 ||   388
Invok: Berserk           |       |     3 |     5 ||     8
 Stab: Sleeping          |     2 |     4 |     4 ||    10
